 Dungeon Crawl Stone Soup version 0.19.0-19-g8c6edcc (webtiles) character file.

286 Minion the Chopper (level 6, -1/51 HPs)
             Began as a Minotaur Fighter on Nov 13, 2016.
             Killed by nerve-wracking pain
             ... invoked by an orc priest
              (13 damage)
             ... on level 4 of the Dungeon.
             The game lasted 00:06:17 (2578 turns).

Minion the Chopper (Minotaur Fighter)               Turns: 2578, Time: 00:06:17

Health: -1/51      AC:  7    Str: 22    XL:     6   Next: 8%
Magic:  14/16      EV: 11    Int:  5    God:
Gold:   161        SH:  0    Dex: 10    Spells: 0 memorised, 5 levels left

rFire  + . .     SeeInvis .     a - +0 war axe
rCold  . . .     Gourm    .     w - +1 ring mail {rF+}
rNeg   . . .     Faith    .     (no shield)
rPois  .         Spirit   .     (helmet restricted)
rElec  .         Reflect  .     (no cloak)
rCorr  .         Harm     .     p - +0 pair of gloves
MR     .....                    (no boots)
Stlth  ..........               h - amulet of rage
                                (no ring)
                                y - ring of magical power

@: no status effects
A: retaliatory headbutt, horns 2
a: Evoke Berserk Rage


You were on level 4 of the Dungeon.
You were not hungry.

You visited 1 branch of the dungeon, and saw 4 of its levels.

You collected 161 gold pieces.

Inventory:

Hand Weapons
 a - a +0 war axe (weapon)
Armour
 p - a +0 pair of gloves (worn)
 w - a +1 ring mail of fire resistance (worn)
Jewellery
 h - an amulet of rage (around neck)
 y - a ring of magical power (left hand)
Wands
 r - a wand of iceblast (1/15)
Scrolls
 j - 2 scrolls of magic mapping {unknown}
 k - 2 scrolls of identify {unknown}
 m - a scroll of noise {unknown}
 t - a scroll of recharging {unknown}
Potions
 b - a potion of degeneration {unknown}
 d - a potion of might
 e - 3 potions of curing {unknown}
 g - a potion of heal wounds {unknown}
 i - a potion of haste {unknown}
 l - a potion of magic {unknown}
 o - 2 potions of brilliance {unknown}
 q - a potion of agility {unknown}
 s - a potion of beneficial mutation {unknown}
 x - a potion of resistance {unknown}
 z - 2 potions of mutation {unknown}
Books
 v - a book of Minor Magic

   Spells                             Type                      Level
   a - Magic Dart                     Conjuration                  1
   b - Blink                          Translocation                2
   c - Call Imp                       Summoning                    2
   d - Repel Missiles                 Charms/Air                   2
   e - Slow                           Hexes                        2
   f - Conjure Flame                  Conjuration/Fire             3
   g - Mephitic Cloud                 Conjuration/Poison/Air       3
Comestibles
 c - a meat ration
 f - 2 bread rations
 n - a beef jerky


   Skills:
 - Level 3.6 Fighting
 + Level 6.1 Axes
 - Level 3.6 Armour
 + Level 1.0 Dodging
   Level 3.6 Shields
 - Level 3.1 Evocations


You had 5 spell levels left.
You didn't know any spells.

Dungeon Overview and Level Annotations

Branches:
Dungeon (4/15)
 Temple: D:4-7

Altars:
Gozag
Kikubaaqudgha
Makhleb
Nemelex Xobeh

Shops:
D:4 [


Innate Abilities, Weirdness & Mutations

You reflexively headbutt those who attack you in melee.
You have a pair of horns on your head.


Message History

The orc priest hits you with a whip of electrocution.
You are electrocuted!
You barely miss the orc priest. Your headbutt misses the orc priest.
The orc priest hits you with a whip of electrocution.
You closely miss the orc priest. You headbutt the orc priest.
The orc priest is lightly wounded.
The orc priest barely misses you. You furiously retaliate!
You headbutt the orc priest.
You hit the orc priest but do no damage.
Your headbutt misses the orc priest.
The orc priest is moderately wounded.
The orc priest invokes the aid of Beogh against you.
Pain shoots through your body!
* * * LOW HITPOINT WARNING * * *
The orc priest closely misses you.
You fail to use your ability.
The orc priest closely misses you.
You fail to use your ability.
The orc priest mumbles some strange prayers to Beogh against you.
Pain shoots through your body!
You die...

..#.. ###...#.# ..#...#
......... .... ..##
##...#.# ##. ##.#
##.##.# # #.# #.##.. #
#.# #.##.# #.
#.##########..⌠.⌠
####..##....†........._.
......o@..###########⌠.⌠
.....###..# #..# ###
#...# #.## ##.## #.# ...
#.# .#.# ..# #.._. # #.#
...


You could see an orc priest.

Vanquished Creatures
  3 hounds
  An orc priest (D:3)
  An orc wizard (D:3)
  2 adders (D:2)
  2 worms (D:2)
  4 dart slugs
  4 leopard geckos
  6 orcs
  5 ball pythons
  5 giant cockroaches
  9 goblins
  8 hobgoblins
  13 jackals
  2 quokkas
  8 bats
  3 frilled lizards
  11 kobolds
  4 rats
91 creatures vanquished.

Notes
Turn   | Place    | Note
-------+----------+-------------------------------------------
     0 | D:1      | Minion the Minotaur Fighter began the quest for the Orb.
     0 | D:1      | Reached XP level 1. HP: 19/19 MP: 0/0
    52 | D:1      | Reached skill level 3 in Axes
    78 | D:1      | Reached XP level 2. HP: 26/26 MP: 1/1
   253 | D:1      | Reached skill level 4 in Axes
   289 | D:1      | Reached XP level 3. HP: 31/31 MP: 2/2
   941 | D:2      | Reached skill level 1 in Evocations
  1041 | D:2      | Reached skill level 5 in Axes
  1041 | D:2      | Reached XP level 4. HP: 39/39 MP: 3/3
  1479 | D:3      | Reached XP level 5. HP: 34/45 MP: 5/5
  1700 | D:3      | Found an ancient bone altar of Kikubaaqudgha.
  2106 | D:3      | Found a burning altar of Makhleb.
  2221 | D:3      | Reached skill level 6 in Axes
  2393 | D:4      | Found Qocadiz's Armour Emporium.
  2547 | D:4      | Found a sparkling altar of Nemelex Xobeh.
  2564 | D:4      | Reached skill level 1 in Dodging
  2564 | D:4      | Reached XP level 6. HP: 49/51 MP: 7/7
  2567 | D:4      | Found an opulent altar of Gozag.
  2578 | D:4      | Killed from afar by an orc priest

Skill      XL: |  1  2  3  4  5 |
---------------+----------------+-----
Axes           | 3 4 5 6 |  6.1
Evocations     | 1 2 3 |  3.1
Dodging        | 1 |  1.0
Fighting       | |  3.6
Armour         | |  3.6
Shields        | |  3.6

Action                   |  1- 3 |  4- 6 || total
-------------------------+-------+-------++-------
Melee: War axe           |    86 |    96 ||   182
       Headbutt          |    15 |    12 ||    27
 Abil: Evoke Berserk Rag |       |     1 ||     1
  Eat: Chunk             |       |     6 ||     6
Armor: Scale mail        |    56 |    44 ||   100
Dodge: Dodged            |    62 |    48 ||   110
Block: Shield            |     1 |       ||     1
